 Dungeon Crawl Stone Soup version 0.16.1-18-g436b03c (webtiles) character file.

4851 ztt the Thaumaturge (level 10, -13/52 HPs)
             Began as a Deep Elf Wizard on Apr 24, 2015.
             Was a Believer of Kikubaaqudgha.
             Mangled by a spiny frog (25 damage)
             ... on level 1 of the Lair of Beasts.
             The game lasted 01:00:48 (13365 turns).

ztt the Thaumaturge (Deep Elf Wizard)              Turns: 13365, Time: 01:00:48

Health: -13/52     AC:  5    Str:  4    XL:     10   Next: 25%
Magic:  21/33      EV: 19    Int: 27    God:    Kikubaaqudgha [**....]
Gold:   598        SH:  0    Dex: 13    Spells: 11 memorised, 7 levels left

rFire  . . .     SeeInvis .     w - +1 dagger (pain)
rCold  . . .     Clarity  .     a - +0 robe
rNeg   + . .     SustAb   .     (no shield)
rPois  .         Gourm    .     b - +2 hat
rElec  .         Spirit   .     x - +0 cloak
rCorr  .         Warding  +     (no gloves)
rMut   .         Stasis   .     (no boots)
MR     +....                    y - amulet of warding
Stlth  +++.......               l - +5 ring of evasion
                                H - ring of wizardry

@: lethally poisoned (-13 -> -16), slowed, very slow, somewhat resistant to
hostile enchantments, fairly stealthy
A: no striking features
a: Receive Corpses, Renounce Religion


You were on level 1 of the Lair of Beasts.
You worshipped Kikubaaqudgha.
Kikubaaqudgha was pleased with you.
You were hungry.

You visited 3 branches of the dungeon, and saw 10 of its levels.
You also visited: Ossuary.

You collected 598 gold pieces.

Inventory:

Hand weapons
 n - a +0 whip
 o - a cursed +0 quarterstaff
 w - a +1 dagger of pain (weapon)
Missiles
 i - 272 stones (quivered)
Armour
 a - a +0 robe (worn)
 b - a +2 hat (worn)
 x - a +0 cloak (worn)
 F - a +1 hat
 T - a +0 pair of gloves
Jewellery
 k - an uncursed ring of teleportation
 l - a +5 ring of evasion (right hand)
 s - an uncursed ring of protection from fire
 u - a +4 ring of dexterity
 y - an amulet of warding (around neck)
 G - an uncursed ring of fire
 H - a ring of wizardry (left hand)
 I - an uncursed amulet of resist mutation
 U - an uncursed ring of poison resistance
Magical devices
 d - a wand of paralysis (15)
 q - a wand of slowing (37)
 A - a wand of flame (27)
Scrolls
 e - a scroll of amnesia
 p - 2 scrolls of teleportation
 M - a scroll of remove curse
 O - 2 scrolls of blinking
Potions
 g - 2 potions of agility {unknown}
 h - 3 potions of curing
 j - 3 potions of heal wounds
 m - 2 potions of restore abilities
 r - 2 potions of haste {unknown}
 t - 2 potions of flight {unknown}
 z - 2 potions of brilliance {unknown}
 C - a potion of lignification {unknown}
 D - 4 potions of mutation {unknown}
 E - 2 potions of berserk rage
 K - 2 potions of invisibility
Books
 c - a book of Minor Magic

   Spells                             Type                      Level
   a - Magic Dart                     Conjuration                  1
   b - Blink                          Translocation                2
   c - Call Imp                       Summoning                    2
   d - Repel Missiles                 Charms/Air                   2
   e - Slow                           Hexes                        2
   f - Conjure Flame                  Conjuration/Fire             3
   g - Mephitic Cloud                 Conjuration/Poison/Air       3
 v - a book of Frost

   Spells                             Type                      Level
   a - Freeze                         Ice                          1
   b - Throw Frost                    Conjuration/Ice              2
   c - Ozocubu's Armour               Charms/Ice                   3
   d - Throw Icicle                   Conjuration/Ice              4
   e - Summon Ice Beast               Ice/Summoning                4
   f - Condensation Shield            Ice                          4
 B - a book of Spatial Translocations

   Spells                             Type                      Level
   a - Apportation                    Translocation                1
   b - Blink                          Translocation                2
   c - Shroud of Golubria             Charms/Translocation         2
   d - Portal Projectile              Translocation                3
   e - Teleport Other                 Translocation                3
   f - Passage of Golubria            Translocation                4
 J - Kikubaaqudgha's Incunabulum of Black Rites
   (Kikubaaqudgha gifted it to you on level 6 of the Dungeon)

   Spells                             Type                      Level
   a - Animate Skeleton               Necromancy                   1
   b - Corpse Rot                     Necromancy                   2
   c - Sublimation of Blood           Necromancy                   2
   d - Vampiric Draining              Necromancy                   3
   e - Control Undead                 Necromancy                   4
 R - a Young Poisoner's Handbook

   Spells                             Type                      Level
   a - Sting                          Conjuration/Poison           1
   b - Cure Poison                    Poison                       2
   c - Mephitic Cloud                 Conjuration/Poison/Air       3
   d - Olgreb's Toxic Radiance        Poison                       4
   e - Venom Bolt                     Conjuration/Poison           5
Comestibles
 f - 5 meat rations
 L - 3 bread rations
 N - 2 fruits
 P - 11 slices of pizza
 Q - 2 beef jerkies


   Skills:
 + Level 1.0 Fighting
 + Level 5.1 Dodging
 + Level 4.2 Stealth
 + Level 12.8 Spellcasting
 + Level 6.7 Conjurations
 + Level 0.3 Hexes
 + Level 5.7 Summonings
 * Level 4.8 Necromancy
 * Level 5.7 Translocations
 + Level 0.7 Fire Magic


You had 7 spell levels left.
You knew the following spells:

 Your Spells              Type           Power        Failure   Level  Hunger
a - Magic Dart            Conj           ####         1%          1    None
b - Blink                 Tloc           N/A          1%          2    None
c - Repel Missiles        Chrm/Air       ###...       2%          2    None
d - Call Imp              Summ           #####...     1%          2    None
e - Slow                  Hex            ###.....     1%          2    None
f - Conjure Flame         Conj/Fire      #####...     1%          3    None
g - Mephitic Cloud        Conj/Pois/Air  ####....     1%          3    None
h - Animate Skeleton      Necr           N/A          1%          1    None
i - Vampiric Draining     Necr           #####.....   1%          3    None
j - Summon Ice Beast      Ice/Summ       ####....     4%          4    None
k - Control Undead        Necr           #####.....   1%          4    None


Dungeon Overview and Level Annotations

Branches:
Dungeon (8/15)             Temple (1/1) D:5            Lair (1/8) D:8

Altars:
Ashenzari
Cheibriados
Dithmenos
Elyvilon
Fedhas
Gozag
Kikubaaqudgha
Makhleb
Nemelex Xobeh
Okawaru
Qazlal
Ru
Sif Muna
Trog
Vehumet
Yredelemnul
Zin
The Shining One

Annotations:
D:3 jazmu's ghost, average GrBe
D:7 exclusion: ice statue
Lair:1 Harold


Message History

Confirm with . or Enter, or press ? or * to list all spells.
Aiming: Magic Dart
Press: ? - help, Shift-Dir - straight line, f - spiny frog
Aim: a spiny frog (heavily wounded, slow)
The magic dart hits the spiny frog.
The spiny frog is heavily wounded.
You feel sick.
Your ice beast disappears in a puff of smoke!
Casting: Magic Dart
Confirm with . or Enter, or press ? or * to list all spells.
Aiming: Magic Dart
Press: ? - help, Shift-Dir - straight line, f/p - spiny frog
Aim: a spiny frog (heavily wounded, slow)
The magic dart hits the spiny frog.
The spiny frog is heavily wounded.
You feel sick.
Your ice beast hits the spiny frog but does no damage.
The spiny frog stings you!!
You die...
Kikubaaqudgha rasps: "You have failed me!
Welcome... death!"

....# ###.##.#######..#
#...# % #...##.# #..#
#...# ..##...##.# #.##
....##..$#....##.# #..#
....r.r ##...##.#######.##
....## #....#...##.##.#
.†...###+##..###.........#
.........##'#####........#
......†.....%..#@...P##..#
......%.§.....YF#....###.#
......#..##....##...## #.#
#....##..#.###.##...## #.#
###.##...##..###.....# #.#
#..#...'.....#....## #.#
#.##...##...##....## #.#
P.##...##...##.....# #.##
#.############....####.P#


You could see a spiny frog and a friendly ice beast.

Vanquished Creatures
  A spiny frog (Lair:1)
  2 blink frogs (D:8)
  A yak (D:8)
  The ghost of raikaria the Magician, an average DrWz (D:4)
  A human (D:8)
  An ice beast (D:6)
  A necrophage (D:7)
  An orc warrior (D:7)
  A phantom (D:7)
  A sky beast (D:5)
  2 ogres
  3 giant frogs
  A water moccasin zombie (D:6)
  3 killer bees (D:8)
  A scorpion (D:8)
  5 wights (D:6)
  A crimson imp (D:7)
  A hound (D:7)
  A giant frog skeleton (D:8)
  3 orc priests
  A centaur skeleton (D:6)
  A hell rat (Lair:1)
  3 iguanas
  7 orc wizards
  6 worker ants
  A sheep (D:8)
  2 mummies (Ossuary)
  6 adders
  4 gnolls (D:6)
  A river rat (Lair:1)
  A shadow imp (D:7)
  2 worms
  An adder zombie (D:5)
  An adder skeleton (D:5)
  5 giant geckos
  An ooze (D:3)
  38 orcs
  A bat skeleton (D:8)
  6 giant cockroaches
  7 goblins
  11 hobgoblins
  4 jackals
  4 quokkas
  13 bats
  6 giant newts
  A jackal zombie (D:6)
  15 kobolds
  A quokka zombie (D:7)
  18 rats
200 creatures vanquished.

Vanquished Creatures (collateral kills)
  Gastronok (Lair:1)
  A spiny frog (D:8)
  A basilisk (Lair:1)
  A yak (D:8)
  A water moccasin (Lair:1)
  4 ogres
  A centaur (D:8)
  An orc warrior (D:8)
  2 crocodiles (Lair:1)
  3 giant frogs (D:8)
  2 scorpions
  A wight (D:5)
  A killer bee (D:8)
  A giant frog zombie (D:8)
  A crimson imp (D:5)
  A jelly (D:7)
  A centaur zombie (D:8)
  4 orc priests
  2 hounds
  A centaur skeleton (D:5)
  An orc wizard (D:7)
  2 hell rats (Lair:1)
  A worker ant (D:6)
  2 sheep (D:8)
  A mummy (Ossuary)
  An adder (D:8)
  4 orcs
  A bat skeleton (D:8)
  A giant cockroach (D:3)
  3 rats (Lair:1)
48 creatures vanquished.

Vanquished Creatures (others)
  3 ice beasts (D:8)
  A water moccasin skeleton (Lair:1)
  5 crimson imps
  A centaur skeleton (D:8)
  4 giant frog skeletons
  An iron imp (D:3)
  A crocodile skeleton (Lair:1)
  A hell rat skeleton (Lair:1)
  14 white imps
  5 shadow imps
  An iguana skeleton (D:7)
  An adder skeleton (Lair:1)
  A hobgoblin skeleton (D:8)
  A kobold skeleton (D:7)
  8 orc skeletons
  A rat skeleton (Lair:1)
  A river rat skeleton (Lair:1)
50 creatures vanquished.

Grand Total: 298 creatures vanquished

Notes
Turn   | Place    | Note
--------------------------------------------------------------
     0 | D:1      | ztt, the Deep Elf Wizard, began the quest for the Orb.
     0 | D:1      | Reached XP level 1. HP: 10/10 MP: 6/6
   316 | D:1      | Reached skill level 5 in Spellcasting
   374 | D:1      | Reached XP level 2. HP: 15/15 MP: 9/11
  1234 | D:2      | Learned a level 2 spell: Blink
  1237 | D:2      | Learned a level 2 spell: Repel Missiles
  1240 | D:2      | Learned a level 2 spell: Call Imp
  1243 | D:2      | Learned a level 2 spell: Slow
  1536 | D:2      | Reached XP level 3. HP: 19/19 MP: 2/14
  1907 | D:3      | Noticed jazmu's ghost (average GrBe)
  1907 | D:3      | Learned a level 3 spell: Conjure Flame
  2371 | D:3      | Reached skill level 6 in Spellcasting
  2460 | D:3      | Reached XP level 4. HP: 24/24 MP: 13/18
  3128 | D:3      | Noticed an ice beast
  3272 | D:3      | Learned a level 3 spell: Mephitic Cloud
  3469 | D:3      | Found a shattered altar of Ashenzari.
  3506 | D:3      | Noticed an ogre
  3893 | D:4      | Noticed an ogre
  3940 | D:4      | Reached XP level 5. HP: 19/28 MP: 9/21
  4199 | D:4      | Noticed raikaria's ghost (average DrWz)
  4202 | D:4      | Found a snail-covered altar of Cheibriados.
  4278 | D:3      | Killed an ogre
  4278 | D:3      | Reached skill level 7 in Spellcasting
  4439 | D:4      | Killed an ogre
  4439 | D:4      | Reached XP level 6. HP: 32/32 MP: 12/23
  4539 | D:4      | Found a sparkling altar of Nemelex Xobeh.
  4631 | D:4      | Killed raikaria's ghost
  4631 | D:4      | Reached skill level 8 in Spellcasting
  4700 | D:4      | Noticed an ogre
  4703 | D:4      | Killed an ogre
  4792 | D:4      | Reached XP level 7. HP: 36/36 MP: 21/26
  4857 | D:4      | Found a sparkling altar of Nemelex Xobeh.
  4857 | D:4      | Noticed a two-headed ogre
  4858 | D:4      | Noticed a giant frog
  4995 | D:5      | Entered Level 5 of the Dungeon
  5251 | D:5      | Reached skill level 9 in Spellcasting
  5353 | D:5      | Found a staircase to the Ecumenical Temple.
  5407 | Temple   | Entered the Ecumenical Temple
  5446 | Temple   | Became a worshipper of Kikubaaqudgha
  6091 | D:6      | Found a sand-covered staircase.
  6107 | Ossuary  | Entered an ossuary
  7021 | D:5      | Reached skill level 10 in Spellcasting
  7285 | D:5      | Reached XP level 8. HP: 41/41 MP: 22/29
  7290 | D:5      | Found a deep blue altar of Sif Muna.
  7295 | D:5      | Found a glowing golden altar of the Shining One.
  7301 | D:5      | Found a bloodstained altar of Trog.
  7695 | D:6      | Acquired Kikubaaqudgha's first power
  7695 | D:6      | Received a gift from Kikubaaqudgha
  7696 | D:6      | Identified Kikubaaqudgha's Incunabulum of Black Rites (Kikubaaqudgha gifted it to you on level 6 of the Dungeon)
  7699 | D:6      | Learned a level 1 spell: Animate Skeleton
  7703 | D:6      | Learned a level 3 spell: Vampiric Draining
  7925 | D:6      | Reached skill level 5 in Conjurations
  8029 | D:6      | HP: 2/42 [ice beast (11)]
  9503 | D:6      | Reached skill level 1 in Necromancy
  9882 | D:7      | HP: 1/42 [orc priest/divine providence (11)]
 10112 | D:7      | Noticed an ice statue
 10143 | D:7      | Reached skill level 11 in Spellcasting
 10599 | D:7      | Reached XP level 9. HP: 36/46 MP: 15/31
 10632 | D:7      | Identified a scroll of acquirement
 10767 | D:7      | HP: 2/46 [orc priest/divine providence (15)]
 10867 | D:7      | Acquired Kikubaaqudgha's second power
 11097 | D:7      | Learned a level 4 spell: Summon Ice Beast
 11508 | D:8      | Found a staircase to the Lair.
 11555 | D:8      | Noticed a spiny frog
 11571 | D:8      | Killed a spiny frog
 11623 | D:8      | Reached skill level 1 in Fighting
 11623 | D:8      | Reached skill level 12 in Spellcasting
 12006 | D:8      | Reached skill level 5 in Translocations
 12079 | D:8      | Reached skill level 5 in Summonings
 12924 | Lair:1   | Entered Level 1 of the Lair of Beasts
 12961 | Lair:1   | Noticed Harold
 12982 | Lair:1   | Noticed a spiny frog
 13000 | Lair:1   | Killed a spiny frog
 13000 | Lair:1   | Reached skill level 5 in Dodging
 13000 | Lair:1   | Reached XP level 10. HP: 52/52 MP: 24/33
 13039 | Lair:1   | Learned a level 4 spell: Control Undead
 13187 | Lair:1   | Noticed Gastronok
 13334 | Lair:1   | Killed Gastronok
 13347 | Lair:1   | Noticed a spiny frog
 13365 | Lair:1   | Mangled by a spiny frog

Action                   |  1- 3 |  4- 6 |  7- 9 | 10-12 || total
-------------------------+-------+-------+-------+-------++-------
Melee: Whip              |     5 |     7 |    10 |       ||    22
       Short sword       |     3 |       |       |       ||     3
       Dagger            |       |       |    13 |       ||    13
 Cast: Magic Dart        |    93 |    97 |   538 |    33 ||   761
       Call Imp          |     4 |    11 |    53 |     1 ||    69
       Blink             |     3 |     2 |     7 |       ||    12
       Slow              |     1 |       |       |       ||     1
       Conjure Flame     |       |     2 |     2 |       ||     4
       Animate Skeleton  |       |       |    17 |     5 ||    22
       Summon Ice Beast  |       |       |    18 |     6 ||    24
       Vampiric Draining |       |       |     1 |       ||     1
  Use: Scroll            |     4 |     5 |    14 |     2 ||    25
       Potion            |       |       |     8 |       ||     8
 Stab: Sleeping          |       |       |     1 |       ||     1
  Eat: Chunk             |     4 |       |     3 |     1 ||     8
       Bread ration      |       |     1 |     3 |       ||     4
       Royal jelly       |       |     1 |       |       ||     1
       Fruit             |       |       |     5 |       ||     5
       Beef jerky        |       |       |     2 |       ||     2
       Pizza             |       |       |     1 |       ||     1
